 Dungeon Crawl Stone Soup version 0.31-a0-949-g57150269e1 (webtiles) character file.

Game seed: 15307560488192028656

6183 Ekaitz the Geomancer (level 10, -1/51 HPs)
             Began as a Deep Elf Earth Elementalist on Oct 21, 2023.
             Was an Elder of Kikubaaqudgha.
             Slain by a yak (7 damage)
             ... on level 9 of the Dungeon.
             The game lasted 00:32:30 (8767 turns).

Ekaitz the Geomancer (Deep Elf Earth Elementalist)  Turns: 8767, Time: 00:32:31

Health: -1/51      AC:  8    Str:  7    XL:     10   Next: 60%
Magic:  8/33       EV: 19    Int: 23    God:    Kikubaaqudgha [****..]
Gold:   555        SH:  7    Dex: 15    Spells: 0/25 levels left

rFire   . . .        c - +4 dagger
rCold   . . .        u - +2 buckler
rNeg    . . .        a - +0 robe
rPois   .            l - +2 helmet {SInv}
rElec   .            (no cloak)
rCorr   .            v - +2 pair of gloves
SInv    +            (no boots)
Will    +....        G - amulet of magic regeneration
Stlth   +++          N - ring of magical power
HPRegen 0.28/turn    i - +5 ring of evasion
MPRegen 0.63/turn

%: no passive effects
@: no status effects
A: no striking features
a: Renounce Religion, Unearth Wretches


You were on level 9 of the Dungeon.
You worshipped Kikubaaqudgha.
Kikubaaqudgha was greatly pleased with you.
You visited 1 branch of the dungeon, and saw 9 of its levels.
You also visited: Ossuary and Bailey.

You collected 555 gold pieces.

Inventory:

Hand Weapons
 c - a +4 dagger (weapon)
 t - a +0 lajatang
 O - the +8 halberd of Drought {freeze, rPois rF- Str+2}
   (You found it on level 8 of the Dungeon)

   Str+2:     It affects your strength (+2).
   rF-:       It makes you vulnerable to fire.
   rPois:     It protects you from poison
 R - a +3 great sword of draining
 S - a +2 short sword
 T - a +4 long sword
 U - a +2 dagger of venom
Missiles
 h - a throwing net
 k - 23 poisoned darts
 q - 2 curare-tipped darts
Armour
 a - a +0 robe (worn)
 l - a +2 helmet of see invisible (worn)
 u - a +2 buckler (worn)
 v - a +2 pair of gloves (worn)
Jewellery
 i - a +5 ring of evasion (right hand)
 w - a ring of protection from cold
 G - an amulet of magic regeneration (around neck)
 I - a ring of poison resistance
 J - a +4 ring of slaying
 N - a ring of magical power (left hand)
Talismans
 P - a beast talisman
Scrolls
 f - a scroll of fear
 j - 3 scrolls of butterflies {unknown}
 n - 3 scrolls of noise {unknown}
 o - a scroll of amnesia {unknown}
 p - a scroll of blinking {unknown}
 r - a scroll of torment {unknown}
 x - 2 scrolls of brand weapon
 y - a scroll of fog {unknown}
 z - 2 scrolls of teleportation {unknown}
 A - 2 scrolls of immolation {unknown}
 C - 2 scrolls of vulnerability {unknown}
 Q - 4 scrolls of enchant armour
Potions
 b - 3 potions of magic
 d - 4 potions of curing
 e - a potion of enlightenment
 g - a potion of lignification
 m - 2 potions of brilliance {unknown}
 s - 6 potions of heal wounds {unknown}
 B - 4 potions of might {unknown}
 D - 2 potions of attraction {unknown}
 E - a potion of cancellation {unknown}
 F - a potion of berserk rage {unknown}
 H - a potion of invisibility {unknown}
 K - a potion of haste {unknown}
 L - a potion of experience {unknown}
 M - a potion of mutation {unknown}


   Skills:
 + Level 0.9 Fighting
 + Level 2.0 Short Blades
 * Level 7.0 Dodging
 + Level 5.2 Stealth
 * Level 3.8 Shields
 + Level 8.4 Spellcasting
 * Level 7.5 Conjurations
 * Level 5.6 Necromancy
 + Level 1.9 Transmutations
 * Level 3.6 Air Magic
 * Level 9.0 Earth Magic


You couldn't memorise any spells.
You knew the following spells:

 Your Spells              Type           Power      Damage    Failure   Level
a - Sandblast             Erth           100%       2d20      1%          1
b - Passwall              Tmut/Erth      29%        N/A       1%          2
c - Stone Arrow           Conj/Erth      94%        3d12      1%          3
d - Brom's Barrelling Bo  Conj/Erth      47%        2d6       3%          4
e - Animate Dead          Necr           35%        N/A       10%         4
f - Borgnjor's Vile Clut  Necr/Erth      21%        N/A       14%         5
g - Petrify               Tmut/Erth      35%        N/A       11%         4
n - Necrotise             Necr           100%       1d9       1%          1
z - Shock                 Conj/Air       100%       1d9       1%          1

Your spell library contained the following spells:

 Spells                   Type           Power      Damage    Failure   Level
 Kiss of Death            Conj/Necr      100%       2d13      1%          1
 Vampiric Draining        Necr           35%        2d8       3%          3
 Sting                    Tmut/Pois      56%        1d5       7%          1
 Hailstorm                Conj/Ice       27%        3d7       7%          3
 Dispel Undead            Necr           35%        3d15      10%         4
 Fulminant Prism          Conj/Hex       13%        3d8       22%         4
 Iskenderun's Mystic Bla  Conj/Tloc      27%        2d7       22%         4
 Agony                    Necr           35%        N/A       28%         5
 Arcjolt                  Conj/Air       17%        1d27      28%         5
 Volatile Blastmotes      Fire/Tloc      18%        2d11      30%         3
 Vhi's Electric Charge    Tloc/Air       36%        N/A       43%         4
 Summon Ice Beast         Ice/Summ       9%         N/A       71%         4
 Death Channel            Necr           17%        N/A       83%         6
 Simulacrum               Ice/Necr       11%        N/A       99%         6
 Plasma Beam              Fire/Air       9%         2x1d19    100%        6


Dungeon Overview and Level Annotations

Branches:
Dungeon (9/15)             Temple (0/1) D:7         Ossuary (visited)
 Bailey (visited)
   Lair: D:8-11         Orc: D:9-12

Altars:
Ashenzari
Gozag
Hepliaklqana
Kikubaaqudgha
Okawaru
Ru
Sif Muna
The Shining One
Jiyva

Annotations:
D:1 2 runed translucent doors
D:7 3 runed translucent doors, sampeng1's ghost, novice HuSh
D:8 2 transporters


Message History

Your Earth Magic skill increases to level 9!
A wight comes into view. It is wielding a +0 spear.
Unknown command.
You hit the orc warrior.
The orc warrior is lightly wounded.
The orc warrior closely misses you. The yak gores you! x2
* * * LOW HITPOINT WARNING * * *
Unknown command.
Okay, then.
As you read the scroll of fear, it crumbles to dust.
You assume a fearsome visage.
The acid dragon looks frightened!
The orc warrior looks frightened!
The orc looks frightened!
The yak looks frightened! x4; The bullfrog looks frightened!
The wight is unaffected.
The yak looks frightened!
The centaur looks frightened!
A black bear comes into view.
Cornered, the orc warrior turns to fight!
A yak comes into view.
Cornered, the yak turns to fight! x2
A basilisk comes into view.
The sentinel's mark upon you fades away.
Unknown command.
The orc warrior barely misses you.
Items here: ) [ ††.
Unknown command.
The orc warrior hits you with a +0 flail!
* * * LOW HITPOINT WARNING * * *
Unknown command.
Things that are here:
a +0 club; a yak corpse; an orc corpse Unknown command.
The yak seems to regain its courage.
The orc warrior attacks as it pursues you!
The orc warrior closely misses you.
There is a stone staircase leading up here.
Unknown command.
The yak seems to regain its courage.
The orc warrior misses you. The yak gores you!
You die...
Kikubaaqudgha rasps: "You have failed me!
Welcome... death!"

##### #[[.#
#[..# #.[)#
#####D..#
#...#.c.#
#...#...#
#...#.Y.#
#.....@.#######
#...#..o...Yh[#
##.####.Y?###)#
#[# #.#)###...#
#)#
#.#.Y####..#
#.#
#.##Y#####.#
#.#
#<##.z)YYz)#
#.#
#.#######lhY#
#.# #.# .


You could see 5 yaks, an orc warrior, a black bear, an acid dragon (fleeing), a
centaur and a wight.

Vanquished Creatures
  2 orc knights (Bailey)
  A wyvern (D:7)
  2 yaks (D:9)
  Menkaure (D:5)
  3 water moccasins
  5 orc warriors
  A black bear (D:7)
  An ice beast (D:3)
  A sky beast (D:6)
  3 centaurs
  A phantom (D:6)
  2 kobold brigands
  A bullfrog (D:8)
  3 scorpions
  21 wights
  5 killer bees (D:8)
  2 howler monkeys (D:7)
  3 jellies (D:6)
  3 hounds
  A human zombie (Ossuary)
  2 gnoll boudas
  4 orc priests
  2 iguanas (D:5)
  3 sleepcaps
  3 orc wizards
  3 mummies (Ossuary)
  6 gnolls
  4 howler monkey skeletons (D:5)
  8 adders
  2 shadow imps
  2 white imps
  An adder skeleton (D:5)
  6 adder zombies
  3 worms
  A dart slug (D:4)
  45 orcs
  4 ball pythons
  6 endoplasms
  2 giant cockroaches (D:3)
  6 goblins
  8 hobgoblins
  9 jackals
  2 quokkas
  4 bats
  4 frilled lizards
  A gnoll zombie (Ossuary)
  3 goblin zombies (Ossuary)
  6 kobolds
  5 kobold zombies (Ossuary)
  3 quokka zombies (Ossuary)
  5 rats (D:1)
  A rat zombie (Ossuary)
226 creatures vanquished.

Vanquished Creatures (collateral kills)
  4 yaks (D:8)
  A killer bee (D:8)
  2 orcs (D:8)
  6 boulders
13 creatures vanquished.

Vanquished Creatures (others)
  3 killer bee zombies (D:8)
  7 orc zombies (Bailey)
  5 boulders
15 creatures vanquished.

Grand Total: 254 creatures vanquished

Notes
Turn   | Place    | Note
-------+----------+-------------------------------------------
     0 | D:1      | Ekaitz the Deep Elf Earth Elementalist began the quest for
                  | the Orb.
     0 | D:1      | Reached XP level 1. HP: 10/10 MP: 6/6
    87 | D:1      | Found a large runed translucent door.
    87 | D:1      | Found a large runed translucent door.
    95 | D:1      | Noticed a jelly
    96 | D:1      | Noticed a jelly
    97 | D:1      | Found a viscous altar of Jiyva.
    97 | D:1      | Noticed a jelly
    97 | D:1      | Noticed a jelly
    97 | D:1      | Noticed a jelly
    98 | D:1      | Noticed a jelly
    98 | D:1      | Noticed a jelly
    98 | D:1      | Noticed a jelly
   347 | D:1      | Reached XP level 2. HP: 15/15 MP: 5/8
   350 | D:1      | Learned a level 2 spell: Passwall
  1041 | D:1      | Found a faded altar of an unknown god.
  1413 | D:2      | Reached XP level 3. HP: 19/19 MP: 3/9
  1417 | D:2      | Learned a level 3 spell: Stone Arrow
  1898 | D:3      | Identified the "Wef Juv"
  1898 | D:3      | Identified the "Gygrebbe"
  1898 | D:3      | Identified the "Odacirot"
  1912 | D:3      | Reached skill level 4 in Earth Magic
  1997 | D:3      | Found an ancient bone altar of Kikubaaqudgha.
  2002 | D:3      | Became a worshipper of Kikubaaqudgha
  2081 | D:3      | Found an opulent altar of Gozag.
  2247 | D:3      | Noticed an ice beast
  2259 | D:3      | Killed an ice beast
  2260 | D:3      | Reached skill level 1 in Conjurations
  2260 | D:3      | Reached skill level 1 in Necromancy
  2260 | D:3      | Reached XP level 4. HP: 24/24 MP: 1/12
  2260 | D:3      | Reached XP level 5. HP: 28/28 MP: 1/13
  2265 | D:3      | Learned a level 4 spell: Brom's Barrelling Boulder
  2659 | D:3      | Found a shimmering blue altar of Sif Muna.
  2676 | D:3      | Learned a level 1 spell: Shock
  3138 | D:4      | Reached skill level 5 in Earth Magic
  3282 | D:4      | Reached XP level 6. HP: 32/32 MP: 9/14
  3421 | D:4      | Reached * piety under Kikubaaqudgha
  3421 | D:4      | Received a gift from Kikubaaqudgha
  3437 | D:4      | Learned a level 1 spell: Necrotise
  3681 | D:5      | Entered Level 5 of the Dungeon
  3695 | D:5      | Noticed Menkaure
  3767 | D:5      | Found a sand-covered staircase.
  3861 | Ossuary  | Entered an ossuary
  4623 | D:5      | Reached ** piety under Kikubaaqudgha
  4774 | D:5      | Reached XP level 7. HP: 36/36 MP: 16/16
  4898 | D:5      | Reached skill level 1 in Short Blades
  4898 | D:5      | Reached skill level 1 in Shields
  5208 | D:5      | Killed Menkaure
  5322 | D:6      | Reached skill level 5 in Spellcasting
  5424 | D:6      | Found a sacrificial altar of Ru.
  5438 | D:6      | Reached skill level 6 in Earth Magic
  5454 | D:6      | Reached XP level 8. HP: 42/42 MP: 1/17
  5629 | D:6      | Learned a level 4 spell: Animate Dead
  5749 | D:6      | Reached skill level 5 in Dodging
  6310 | D:7      | Reached skill level 5 in Conjurations
  6310 | D:7      | Reached skill level 1 in Air Magic
  6339 | D:7      | Found an iron altar of Okawaru.
  6413 | D:7      | Reached *** piety under Kikubaaqudgha
  6413 | D:7      | Received a gift from Kikubaaqudgha
  6583 | D:7      | Reached skill level 7 in Earth Magic
  6615 | D:7      | Reached XP level 9. HP: 46/46 MP: 5/20
  6738 | D:7      | Found a runed translucent gate.
  6738 | D:7      | Found a runed translucent gate.
  6738 | D:7      | Found a runed translucent gate.
  6739 | D:7      | Noticed a kobold demonologist
  6739 | D:7      | Noticed sampeng1's ghost (novice HuSh)
  6914 | D:7      | Found a staircase to the Ecumenical Temple.
  6970 | D:7      | Learned a level 5 spell: Borgnjor's Vile Clutch
  7258 | D:8      | Found a flagged portal.
  7273 | D:8      | Reached skill level 5 in Stealth
  7294 | D:8      | Identified the +8 halberd of Drought {freeze, rPois rF-
                  | Str+2}
  7325 | D:8      | Found a glowing golden altar of the Shining One.
  7341 | D:8      | Found a hazy altar of Hepliaklqana.
  7356 | D:8      | Identified the +5 chain mail of the Kettle-Drum {rC+ rN+
                  | MP+9}
  7392 | Bailey   | Entered a bailey
  7401 | Bailey   | Reached **** piety under Kikubaaqudgha
  7518 | Bailey   | Reached skill level 8 in Earth Magic
  7563 | Bailey   | Noticed an orc knight
  7563 | Bailey   | Noticed an orc knight
  7667 | Bailey   | Killed an orc knight
  7668 | Bailey   | Reached XP level 10. HP: 20/51 MP: 0/23
  7807 | Bailey   | Killed an orc knight
  7912 | Bailey   | Noticed an orc knight
  7958 | Bailey   | Reached skill level 5 in Necromancy
  8223 | D:8      | Found a broken altar of Ashenzari.
  8229 | D:8      | Learned a level 4 spell: Petrify
  8260 | D:8      | Noticed a centaur warrior
  8350 | D:8      | Noticed a boulder beetle
  8350 | D:8      | Identified the ring "Oxaummui" {Fire rCorr Str-5 Stlth+}
  8352 | D:8      | Noticed a wolf spider
  8354 | D:8      | Found a transporter.
  8358 | D:8      | Identified the +4 short sword of the Valley {venom, Int+3}
  8358 | D:8      | Identified the amulet "Zaisayc" {rC+ Regen+}
  8358 | D:8      | Noticed a centaur warrior
  8368 | D:8      | Found a transporter.
  8756 | D:9      | Reached skill level 9 in Earth Magic
  8767 | D:9      | Slain by a yak

Illustrated notes

Levels and vault maps discovered:
D:1:      erik_arrival_cave_to_civilisation [erik_arrival_cave_to_temple],
          layout_basic, shapermc_ecumenical_altar_mp_urbaneastern,
          serial_aquarium, aquarium_bridge_straight [aquarium_subvault_bridge,
          aquarium_subvault_window, aquarium_subvault_bridge,
          aquarium_subvault_balcony], aquarium_bridge_square
          [aquarium_subvault_wall, aquarium_subvault_bridge,
          aquarium_subvault_wall, aquarium_subvault_bridge],
          aquarium_window_fake, aquarium_window_1, aquarium_view_2f,
          aquarium_view_2d, aquarium_pool_2
D:2:      layout_basic
D:3:      layout_basic, kiku_gazebo_garden_becter, amcnicky_altar_gilded,
          nicolae_sif_muna_little_library, minmay_quadrilaterals
D:4:      layout_loops_ring, kennysheep_generic_room_7
D:5:      layout_cave_pools, mainiacjoe_ossuary_entry_find_the_door,
          chequers_serial_rivers_room_a, kennysheep_decorative_pillar,
          uniq_menkaure
D:6:      layout_cave_pods, lemuel_crystal_altar, corexii_checkpoint_a
D:7:      layout_basic, okawaru_trees_2, minmay_temple_entry_mist,
          gammafunk_ghost_nasty_kobolds
D:8:      gammafunk_sealed_arena, layout_rooms, nicolae_ashenzari_panopticon,
          mainiacjoe_overflow_catwalk_spiral, enter_bailey_2,
          kennysheep_generic_room_12
D:9:      layout_rooms, david_lair_generic, serial_shops, shop, st_stairs_8

Skill      XL: |  1  2  3  4  5  6  7  8  9 10 |
---------------+-------------------------------+-----
Stealth        | 3 4 5 |  5.2
Earth Magic    | 4 5 6 7 8 9 |  9.0
Dodging        | 3 4 5 6 7 |  7.0
Spellcasting   | 4 5 6 7 8 |  8.4
Conjurations   | 1 2 3 5 6 7 |  7.5
Necromancy     | 1 2 3 4 5 |  5.6
Short Blades   | 1 2 |  2.0
Shields        | 1 2 3 |  3.8
Air Magic      | 1 2 3 |  3.6
Fighting       | |  0.9
Transmutations | |  1.9

Action                     |  1- 3 |  4- 6 |  7- 9 | 10-12 || total
---------------------------+-------+-------+-------+-------++-------
  Melee: Dagger            |    13 |    98 |    72 |    11 ||   194
         Unarmed           |     1 |       |       |       ||     1
         Punch             |       |       |     1 |       ||     1
   Cast: Sandblast         |    43 |    17 |       |       ||    60
         Passwall          |     6 |    13 |     9 |     4 ||    32
         Stone Arrow       |     4 |    30 |   115 |    34 ||   183
         Shock             |       |    15 |    18 |     7 ||    40
         Brom's Barrelling |       |       |    19 |    10 ||    29
         Borgnjor's Vile C |       |       |     8 |     7 ||    15
         Animate Dead      |       |       |     2 |       ||     2
    Use: Scroll            |       |       |     4 |     1 ||     5
         Potion            |       |       |     1 |       ||     1
   Stab: Sleeping          |     7 |    17 |     7 |     5 ||    36
 Armour: Robe              |     7 |    26 |    70 |    14 ||   117
  Dodge: Dodged            |    28 |    70 |   144 |    25 ||   267
  Block: Buckler           |       |       |       |     4 ||     4

Table legend: (Time is in decaauts)
 A = Elapsed time spent in this place.
 B = Non-inter-level travel time spent in this place.
 C = Inter-level travel time spent in this place.
 D = Time resting spent in this place.
 E = Time spent auto-exploring this place.
 F = Levels seen in this place.
 G = Mean time per level.
                   A        B        C        D        E       F      G
               +--------+--------+--------+--------+--------+-----+--------+
         Total |   8778 |   8526 |    252 |    860 |   5515 |  11 |  798.0 |
       Dungeon |   7265 |   7013 |    252 |    251 |   5143 |   9 |  807.2 |
       Ossuary |    715 |    715 |      0 |    296 |    263 |   1 |  715.0 |
        Bailey |    798 |    798 |      0 |    313 |    109 |   1 |  798.0 |
               +--------+--------+--------+--------+--------+-----+--------+

Top non-repeatable levels by time:
     D:1: 1315 daAuts
     D:3: 1093 daAuts
     D:7: 990 daAuts
     D:6: 941 daAuts
     D:5: 917 daAuts
  Bailey: 798 daAuts
 Ossuary: 715 daAuts
     D:4: 704 daAuts
     D:2: 595 daAuts
     D:8: 577 daAuts
     D:9: 130 daAuts
